cohdb
Replays
Latest Replays
All Replays
Popular Replays
Top Player Replays
Match Explorer
How It Works
Community
CoH3 Stats
Reddit
Sign in to upload your games and track your stats! →
Sign in with Steam
Match 42600109
Unlisted
Match 42600109
Overview
Messages
Build Orders
End
Selects Battlefield Espionage Battlegroup
Panzergrenadier Squad
Panzergrenadier Squad
Panzergrenadier Squad
Construct Light Support Kompanie
2.5-tonne Medical Truck
Selects Sector Subterfuge Beacon
Selects 250/3 Funkpanzerwagen
250/3 Funkpanzerwagen
Fire Support Elements
Selects Anti-Tank Incendiary Munitions
Assault Mechanized Group
Pak 38 Anti-tank Gun Team
le.IG 18 Support Gun Team
Construct Panzerarmee Kommand
Veteran Squad Leaders
Vehicle Survival Package
MG34 Team
Selects Plunder
Selects Firestorm
Armored Reserves
Tiger Heavy Tank
Matt
кошка
ßoo
Tactical Nuclear Cow
0
0
Comments
sign in to comment!
No comments posted yet!